BR
AMITY GARDENS WESTERNERS @ RANCHO CUCAMONGA SICK MONKEYS
09/12/2027
 
TOP OF THE 1ST
Amity Gardens Westerners batting - Pitching for Rancho Cucamonga Sick Monkeys : LHP Ángel Árias
Pitching: LHP Ángel Árias
Batting: RHB Jorge García 0-0: Ball
1-0: Called Strike
1-1: Called Strike
1-2: Ball
2-2: Fly out, F8 (Flyball, 8LS)
Batting: LHB Jack Mitchell 0-0: SINGLE (Groundball, 56) (infield hit)
Batting: RHB Luis López 0-0: Called Strike
0-1: Called Strike
0-2: Foul Ball, location: 2F
0-2: Ball
Jack Mitchell is caught stealing 2nd base
1-2: Ball
2-2: Foul Ball, location: 2F
2-2: Foul Ball, location: 2F
2-2: Foul Ball, location: 2F
2-2: Ball
3-2: Strikes out looking
Top of the 1st over - 0 run(s), 1 hit(s), 0 error(s), 0 left on base; Amity Gardens 0 - Rancho Cucamonga 0
BOTTOM OF THE 1ST
Rancho Cucamonga Sick Monkeys batting - Pitching for Amity Gardens Westerners : LHP António Yan
Pitching: LHP António Yan
Batting: SHB Jorge Maldonado 0-0: Ball
1-0: Called Strike
1-1: Foul Ball, location: 2F
1-2: Foul Ball, location: 2F
1-2: Foul Ball, location: 2F
1-2: Ball
2-2: Fly out, F7 (Flyball, 7)
Batting: LHB Carl Hayden 0-0: Ball
1-0: Fly out, F7 (Flyball, 78M)
Batting: RHB Roberto Quiñones 0-0: Ground out 4-3 (Groundball, 4)
Bottom of the 1st over - 0 run(s), 0 hit(s), 0 error(s), 0 left on base; Amity Gardens 0 - Rancho Cucamonga 0
TOP OF THE 2ND
Amity Gardens Westerners batting - Pitching for Rancho Cucamonga Sick Monkeys : LHP Ángel Árias
Batting: RHB Scott Dixon 0-0: Called Strike
0-1: Ball
1-1: Ground out 3-1 (Groundball, 34S)
Batting: RHB Spike Walters 0-0: Called Strike
0-1: Ball
1-1: Ball
2-1: Ground out 1-3 (Groundball, P)
Batting: RHB Tomás Rivera 0-0: Fly out, F9 (Flyball, 9)
Top of the 2nd over - 0 run(s), 0 hit(s), 0 error(s), 0 left on base; Amity Gardens 0 - Rancho Cucamonga 0
BOTTOM OF THE 2ND
Rancho Cucamonga Sick Monkeys batting - Pitching for Amity Gardens Westerners : LHP António Yan
Batting: LHB Ed Ballard 0-0: Ball
1-0: Ground out 6-3 (Groundball, 6D)
Batting: SHB Keith Hale 0-0: Ball
1-0: Ball
2-0: Called Strike
2-1: Swinging Strike
2-2: Strikes out swinging
Batting: LHB Paul Holcomb 0-0: Ball
1-0: Foul Ball, location: 2F
1-1: Ball
2-1: TRIPLE (Flyball, 89XD)
Batting: RHB Steve Meyers 0-0: Ball
1-0: Foul Ball, location: 2F
1-1: Reached on error, E3 (Groundball, 34)
Paul Holcomb scores
Batting: RHB Jeremy Davis 0-0: Ball
1-0: Fly out, F9 (Flyball, 9)
Bottom of the 2nd over - 1 run(s), 1 hit(s), 1 error(s), 1 left on base; Amity Gardens 0 - Rancho Cucamonga 1
TOP OF THE 3RD
Amity Gardens Westerners batting - Pitching for Rancho Cucamonga Sick Monkeys : LHP Ángel Árias
Batting: RHB Mel Wells 0-0: SINGLE (Groundball, 25) (infield hit)
Batting: RHB Steve Myers 0-0: Called Strike
0-1: Ball
1-1: Ball
2-1: Called Strike
2-2: Foul Ball, location: 2F
2-2: Ball
3-2: Base on Balls
Mel Wells to second
Batting: SHB Howard Romero 0-0: Grounds into double play, 5-4-3 (Groundball, 5)
Mel Wells to third
Batting: RHB Jorge García 0-0: Swinging Strike
0-1: Ground out 4-3 (Groundball, 4)
Top of the 3rd over - 0 run(s), 1 hit(s), 0 error(s), 1 left on base; Amity Gardens 0 - Rancho Cucamonga 1
BOTTOM OF THE 3RD
Rancho Cucamonga Sick Monkeys batting - Pitching for Amity Gardens Westerners : LHP António Yan
Batting: LHB José Esparza 0-0: Fly out, F5 (Popup, 5S)
Batting: SHB Jorge Maldonado 0-0: Ground out 4-3 (Groundball, 4)
Batting: LHB Carl Hayden 0-0: Swinging Strike
0-1: Called Strike
0-2: Ball
1-2: Ball
2-2: Ball
3-2: Base on Balls
Batting: RHB Roberto Quiñones 0-0: Ball
1-0: Called Strike
1-1: Fielders Choice at 2nd, 4-6 (Groundball, 34)
Bottom of the 3rd over - 0 run(s), 0 hit(s), 0 error(s), 0 left on base; Amity Gardens 0 - Rancho Cucamonga 1
TOP OF THE 4TH
Amity Gardens Westerners batting - Pitching for Rancho Cucamonga Sick Monkeys : LHP Ángel Árias
Batting: LHB Jack Mitchell 0-0: Called Strike
0-1: Ground out 6-3 (Groundball, 6)
Batting: RHB Luis López 0-0: Ball
1-0: Ground out 6-3 (Groundball, 6S)
Batting: RHB Scott Dixon 0-0: Ball
1-0: Ball
2-0: Ball
3-0: Base on Balls
Batting: RHB Spike Walters 0-0: Ball
1-0: Foul Ball, location: 2F
1-1: Called Strike
Scott Dixon is caught stealing 2nd base
Top of the 4th over - 0 run(s), 0 hit(s), 0 error(s), 0 left on base; Amity Gardens 0 - Rancho Cucamonga 1
BOTTOM OF THE 4TH
Rancho Cucamonga Sick Monkeys batting - Pitching for Amity Gardens Westerners : LHP António Yan
Batting: LHB Ed Ballard 0-0: Ground out 4-3 (Groundball, 4)
Batting: SHB Keith Hale 0-0: Ground out 6-3 (Groundball, 6)
Batting: LHB Paul Holcomb 0-0: Foul Ball, location: 2F
0-1: Ball
1-1: Foul Ball, location: 2F
1-2: Ground out 3-1 (Groundball, 34)
Bottom of the 4th over - 0 run(s), 0 hit(s), 0 error(s), 0 left on base; Amity Gardens 0 - Rancho Cucamonga 1
TOP OF THE 5TH
Amity Gardens Westerners batting - Pitching for Rancho Cucamonga Sick Monkeys : LHP Ángel Árias
Batting: RHB Spike Walters 0-0: Called Strike
0-1: Called Strike
0-2: Ball
1-2: Ball
2-2: Strikes out swinging
Batting: RHB Tomás Rivera 0-0: Called Strike
0-1: Ball
1-1: Ball
2-1: Called Strike
2-2: Ground out 6-3 (Groundball, 6)
Batting: RHB Mel Wells 0-0: Ball
1-0: Ground out 6-3 (Groundball, 6)
Top of the 5th over - 0 run(s), 0 hit(s), 0 error(s), 0 left on base; Amity Gardens 0 - Rancho Cucamonga 1
BOTTOM OF THE 5TH
Rancho Cucamonga Sick Monkeys batting - Pitching for Amity Gardens Westerners : LHP António Yan
Batting: RHB Steve Meyers 0-0: Ball
1-0: Ground out 6-3 (Groundball, 56D)
Batting: RHB Jeremy Davis 0-0: Called Strike
0-1: Swinging Strike
0-2: Strikes out swinging
Batting: LHB José Esparza 0-0: Foul Ball, location: 2F
0-1: Called Strike
0-2: Ground out 4-3 (Groundball, 4D)
Bottom of the 5th over - 0 run(s), 0 hit(s), 0 error(s), 0 left on base; Amity Gardens 0 - Rancho Cucamonga 1
TOP OF THE 6TH
Amity Gardens Westerners batting - Pitching for Rancho Cucamonga Sick Monkeys : LHP Ángel Árias
Batting: RHB Steve Myers 0-0: Called Strike
0-1: Fly out, F9 (Flyball, 9S)
Batting: SHB Howard Romero 0-0: Foul Ball, location: 2F
0-1: Fly out, F8 (Flyball, 78M)
Batting: RHB Jorge García 0-0: Called Strike
0-1: Ground out 4-3 (Groundball, 34)
Top of the 6th over - 0 run(s), 0 hit(s), 0 error(s), 0 left on base; Amity Gardens 0 - Rancho Cucamonga 1
BOTTOM OF THE 6TH
Rancho Cucamonga Sick Monkeys batting - Pitching for Amity Gardens Westerners : LHP António Yan
Batting: SHB Jorge Maldonado 0-0: Ball
1-0: SINGLE (Groundball, 13S) (infield hit)
Batting: LHB Carl Hayden 0-0: Fly out, F7 (Flyball, 7D)
Batting: RHB Roberto Quiñones 0-0: Called Strike
Jorge Maldonado steals 2nd base
0-1: DOUBLE (Groundball, 5L)
Jorge Maldonado scores
Batting: LHB Ed Ballard 0-0: Intentional Walk
Batting: SHB Keith Hale 0-0: Swinging Strike
0-1: Reached on error, E6 (Groundball, 6)
Roberto Quiñones to third
Ed Ballard to second
Batting: LHB Paul Holcomb 0-0: Foul Ball, location: 2F
0-1: Swinging Strike
0-2: Strikes out swinging
Batting: RHB Steve Meyers 0-0: Ball
1-0: Called Strike
1-1: Foul Ball, location: 2F
1-2: Ball
2-2: Ball
3-2: Foul Ball, location: 2F
3-2: Strikes out swinging
Bottom of the 6th over - 1 run(s), 2 hit(s), 1 error(s), 3 left on base; Amity Gardens 0 - Rancho Cucamonga 2
TOP OF THE 7TH
Amity Gardens Westerners batting - Pitching for Rancho Cucamonga Sick Monkeys : LHP Ángel Árias
Now in RF: Will O'Dell
Batting: LHB Jack Mitchell 0-0: Called Strike
0-1: Foul Ball, location: 2F
0-2: Ball
1-2: Fly out, F6 (Line Drive, 6)
Batting: RHB Luis López 0-0: Called Strike
0-1: Swinging Strike
0-2: Strikes out swinging
Batting: RHB Scott Dixon 0-0: Swinging Strike
0-1: Swinging Strike
0-2: Strikes out swinging
Top of the 7th over - 0 run(s), 0 hit(s), 0 error(s), 0 left on base; Amity Gardens 0 - Rancho Cucamonga 2
BOTTOM OF THE 7TH
Rancho Cucamonga Sick Monkeys batting - Pitching for Amity Gardens Westerners : LHP António Yan
Batting: RHB Jeremy Davis 0-0: Foul Ball, location: 2F
0-1: Foul Ball, location: 2F
0-2: SINGLE (Groundball, 6MD)
Batting: LHB José Esparza 0-0: Bunted foul
0-1: Sac Bunt - play at first, batter OUT! 2-4
Jeremy Davis to second
Batting: SHB Jorge Maldonado 0-0: Swinging Strike
0-1: Called Strike
0-2: Fly out, F8 (Flyball, 8RM)
Pitching: RHP Alex Crawford
Batting: LHB Carl Hayden 0-0: Intentional Walk
Pinch Hitting: RHB Orlando González 0-0: Called Strike
0-1: Ball
1-1: Foul Ball, location: 2F
1-2: Foul Ball, location: 2F
1-2: Ball
2-2: Ball
3-2: Strikes out swinging
Bottom of the 7th over - 0 run(s), 1 hit(s), 0 error(s), 2 left on base; Amity Gardens 0 - Rancho Cucamonga 2
TOP OF THE 8TH
Amity Gardens Westerners batting - Pitching for Rancho Cucamonga Sick Monkeys : LHP Ángel Árias
Now in LF: Orlando González
Batting: RHB Spike Walters 0-0: Ball
1-0: Called Strike
1-1: Ball
2-1: Ground out 6-3 (Groundball, 6)
Batting: RHB Tomás Rivera 0-0: Called Strike
0-1: Swinging Strike
0-2: Ball
1-2: Ground out 4-3 (Groundball, 4)
Batting: RHB Mel Wells 0-0: Ball
1-0: Ball
2-0: Ball
3-0: Called Strike
3-1: Reached on error, E5 (Groundball, 5)
Pitching: RHP Carlos Domínguez
Batting: RHB Steve Myers 0-0: Swinging Strike
0-1: Swinging Strike
0-2: Ball
1-2: Strikes out swinging
Top of the 8th over - 0 run(s), 0 hit(s), 1 error(s), 1 left on base; Amity Gardens 0 - Rancho Cucamonga 2
BOTTOM OF THE 8TH
Rancho Cucamonga Sick Monkeys batting - Pitching for Amity Gardens Westerners : RHP Alex Crawford
Batting: LHB Ed Ballard 0-0: Ball
1-0: Ground out 1-3 (Groundball, 13)
Batting: SHB Keith Hale 0-0: Ball
1-0: Swinging Strike
1-1: Fly out, F7 (Flyball, 7LMF)
Batting: LHB Will O'Dell 0-0: Foul Ball, location: 2F
0-1: Foul Ball, location: 2F
0-2: Ball
1-2: Ball
2-2: Foul Ball, location: 2F
2-2: Foul Ball, location: 2F
2-2: Ball
3-2: Ground out 1-3 (Groundball, 15S)
Bottom of the 8th over - 0 run(s), 0 hit(s), 0 error(s), 0 left on base; Amity Gardens 0 - Rancho Cucamonga 2
TOP OF THE 9TH
Amity Gardens Westerners batting - Pitching for Rancho Cucamonga Sick Monkeys : RHP Carlos Domínguez
Batting: SHB Howard Romero 0-0: SINGLE (Groundball, 34D)
Pinch Hitting: SHB John Kessler 0-0: Ball
1-0: Ball
2-0: Foul Ball, location: 2F
2-1: Ball
3-1: Fielders Choice at 2nd, 4-6 (Groundball, 4)
Batting: LHB Jack Mitchell 0-0: Called Strike
0-1: Ball
1-1: Swinging Strike
1-2: Ball
2-2: Ball
3-2: Strikes out swinging
Batting: RHB Luis López 0-0: Ball
1-0: Foul Ball, location: 2F
1-1: Called Strike
1-2: Strikes out swinging
Top of the 9th over - 0 run(s), 1 hit(s), 0 error(s), 1 left on base; Amity Gardens 0 - Rancho Cucamonga 2
Thursday, March 30th, 2017 - OOTP Baseball 17.12 Build 75